 Dungeon Crawl Stone Soup version 0.18.1-50-g88ac8fd (webtiles) character file.

11951 grisgris the Blocker (level 11, -23/71 HPs)
             Began as a Gargoyle Fighter on Nov 11, 2016.
             Annihilated by a salamander stormcaller
             ... wielding a +0 halberd
              (34 damage)
             ... on level 1 of the Abyss.
             The game lasted 00:42:03 (10746 turns).

grisgris the Blocker (Gargoyle Fighter)            Turns: 10746, Time: 00:42:04

Health: -23/71     AC: 22    Str: 23    XL:     11   Next: 85%
Magic:  21/21      EV: 11    Int: 14    God:
Gold:   147        SH: 14    Dex:  9    Spells: 0 memorised, 10 levels left

rFire  x . .     SeeInvis .     J - +0 demon whip (freeze)
rCold  + . .     Gourm    +     b - +0 scale mail
rNeg   + . .     Faith    .     c - +2 shield
rPois  ∞         Spirit   .     A - +3 hat of Pondering {ponderous, MR+ MP+10 Int+5}
rElec  +         Dismiss  .     t - +2 cloak {+Inv}
rCorr  .         Reflect  .     (no gloves)
SustAt .         Harm     .     (no boots)
MR     +....                    n - amulet of the gourmand
Stlth  ..........               y - ring of ice
                                e - ring of flight

@: slow, somewhat resistant to hostile enchantments, extremely unstealthy
A: negative energy resistance 1, electricity resistance, unbreathing,
petrification resistance, rot immunity, AC +7
a: Evoke Invisibility, Evoke Flight


You were on level 1 of the Abyss.
You were very full.

You visited 2 branches of the dungeon, and saw 12 of its levels.
You visited the Abyss 1 time.

You collected 553 gold pieces.
You spent 406 gold pieces at shops.

Inventory:

Hand Weapons
 F - a +1 flail of holy wrath
 H - a +2 vampiric whip
 J - a +0 demon whip of freezing (weapon)
Armour
 b - a +0 scale mail (worn)
 c - a +2 shield (worn)
 t - a +2 cloak of invisibility (worn)
 w - a +2 helmet
 A - the +3 hat of Pondering (worn) {ponderous, MR+ MP+10 Int+5}
   (You took it off Gastronok on level 11 of the Dungeon)

   It affects your intelligence (+5).
   It affects your resistance to hostile enchantments.
   It affects your magic capacity (+10).
Jewellery
 e - a ring of flight (left hand)
 n - an amulet of the gourmand (around neck)
 o - an uncursed amulet of faith
 q - an uncursed amulet of harm
 u - an uncursed amulet of rage
 v - a +4 ring of intelligence
 y - a ring of ice (right hand)
Wands
 g - a wand of random effects (18/48)
 m - a wand of random effects (29/48)
 p - a wand of polymorph (22/24)
 s - a wand of disintegration (6/24)
Scrolls
 a - a scroll of fog
 d - 11 scrolls of identify
 i - 10 scrolls of remove curse
 l - 4 scrolls of amnesia
 x - 2 scrolls of teleportation
 E - 2 scrolls of recharging
Potions
 h - 2 potions of flight
 k - a potion of magic
 B - a potion of beneficial mutation {unknown}
 C - a potion of cure mutation
Books
 G - a book of Transfigurations

   Spells                             Type                      Level
   a - Irradiate                      Conjuration/Transmutation    5
   b - Statue Form                    Transmutation/Earth          6
   c - Hydra Form                     Transmutation                6
   d - Dragon Form                    Transmutation                7
Comestibles
 f - 11 bread rations
 j - 8 slices of pizza
 r - 2 fruits
 z - 6 beef jerkies


   Skills:
 + Level 9.5 Fighting
 + Level 9.7 Maces & Flails
 + Level 8.7 Armour
 + Level 6.6 Dodging
 - Level 0.5 Stealth
 + Level 10.0 Shields
 + Level 0.3 Evocations


You had 10 spell levels left.
You didn't know any spells.

Dungeon Overview and Level Annotations

Branches:
Dungeon (11/15)            Temple (1/1) D:4            Lair (0/8) D:10
    Orc: D:9-12

Altars:
Ashenzari
Cheibriados
Dithmenos
Elyvilon
Fedhas
Gozag
Kikubaaqudgha
Makhleb
Nemelex Xobeh
Okawaru
Pakellas
Ru
Sif Muna
Trog
Vehumet
Yredelemnul
Zin
The Shining One

Shops:
D:4 (   D:6 :

Annotations:
D:3 TBriggs11TB's ghost, amateur DsGl
D:10 Psyche


Innate Abilities, Weirdness & Mutations

You are resistant to torment.
Your stone body is resilient (AC +7).
You are immune to poison.
You resist negative energy.
You are resistant to electric shocks.
You can survive without breathing.
You are immune to petrification.
You are immune to rotting.


Message History

The salamander stormcaller hits you but does no damage.
The ancient zyme hits you but does no damage.
You block the ancient zyme's attack.
You block the large abomination's attack.
You barely miss the large abomination.
The large abomination is moderately damaged.
The salamander stormcaller hits you but does no damage.
The ancient zyme hits you but does no damage.
The ancient zyme completely misses you. The large abomination hits you!!
* * * LOW HITPOINT WARNING * * *
You barely miss the large abomination.
The large abomination is moderately damaged.
You whack the large abomination! You freeze the large abomination.
The large abomination is severely damaged.
The ancient zyme misses you. The ancient zyme hits you.
* * * LOW HITPOINT WARNING * * *
The salamander stormcaller hits you from afar with a halberd.
* * * LOW HITPOINT WARNING * * *
You are engulfed in flames!!
The fire burns you terribly!
You die...

# . .#.. # #.
.#.##..## ##
..#. # ... #.# .
....##......
##.. .#.. # # #
...... .....# ..
. # #.#...#..#.#
.## # #..#.
#..##### .. #
##..#.
.##..X@#.# #...
#........x##..#
...##.#.##.##N#.
## .#.......N
#...### .
#..........##
#.... ....#. .#
. ..##.##
#....###.. # ##
##


You could see a salamander stormcaller, an ancient zyme and a large abomination.

Vanquished Creatures
  Gastronok (D:11)
  A centaur warrior (D:10)
  Erica (D:9)
  The ghost of Thomus the Cleaver, a novice HOGl of Okawaru (D:10)
  A thrashing horror (Abyss:1)
  A skeletal warrior (D:10)
  3 hill giants
  The ghost of grisgris the Thaumaturge, a novice DECj of Vehumet (D:7)
  A kobold demonologist (D:11)
  A troll (D:9)
  Prince Ribbit (D:7)
  A vampire (D:11)
  Eustachio (D:4)
  2 hogs (D:7)
  A hippogriff (D:8)
  A human (D:7)
  Edmund (D:4)
  Duvessa (D:5)
  A water moccasin (D:5)
  A large abomination (Abyss:1)
  4 sky beasts
  A black bear (D:6)
  2 orc warriors
  A phantom (D:10)
  3 ogres
  An eye of draining (D:9)
  A gnoll sergeant (D:8)
  5 giant frogs
  A water moccasin zombie (D:8)
  Dowan (D:5)
  4 scorpions
  3 crimson imps
  A jelly (D:10)
  2 centaur zombies
  3 centaur skeletons
  4 orc priests
  Crazy Yiuf (D:4)
  4 hounds
  2 giant frog zombies (D:5)
  Jessica (D:3)
  5 iguanas
  5 worker ants
  5 orc wizards
  2 sheep (D:7)
  A hound skeleton (D:8)
  2 hound zombies
  A howler monkey zombie (D:8)
  3 gnolls (D:5)
  3 worker ant zombies
  13 adders
  4 shadow imps
  An ufetubus (Abyss:1)
  3 adder skeletons
  A worm (D:2)
  A dart slug (D:1)
  3 giant geckos
  28 orcs
  5 giant cockroaches
  7 goblins
  8 hobgoblins
  9 jackals
  7 kobolds
  6 quokkas
  A ball python (D:2)
  7 bats
  A giant gecko skeleton (D:8)
  2 giant gecko zombies
  6 giant newts
  A quokka skeleton (D:4)
  10 rats
219 creatures vanquished.

Vanquished Creatures (collateral kills)
  A quokka (D:5)
  A quokka skeleton (D:5)
2 creatures vanquished.

Vanquished Creatures (others)
  An orc wizard (D:5)
1 creature vanquished.

Grand Total: 222 creatures vanquished

Notes
Turn   | Place    | Note
--------------------------------------------------------------
     0 | D:1      | grisgris the Gargoyle Fighter began the quest for the Orb.
     0 | D:1      | Reached XP level 1. HP: 14/14 MP: 1/1
   243 | D:1      | Reached XP level 2. HP: 19/19 MP: 2/2
   671 | D:1      | Reached XP level 3. HP: 23/23 MP: 3/3
   833 | D:2      | Found a shadowy altar of Dithmenos.
   861 | D:2      | Reached skill level 4 in Shields
  1022 | D:2      | Reached XP level 4. HP: 22/29 MP: 4/4
  1130 | D:2      | Reached skill level 1 in Dodging
  1202 | D:2      | Found a basalt altar of Yredelemnul.
  1302 | D:2      | Found a deep blue altar of Sif Muna.
  1484 | D:3      | Noticed TBriggs11TB's ghost (amateur DsGl)
  1760 | D:3      | Noticed Jessica
  1768 | D:3      | Killed Jessica
  1768 | D:3      | Reached XP level 5. HP: 17/33 MP: 5/5
  2012 | D:4      | Noticed Edmund
  2013 | D:4      | Noticed Eustachio
  2023 | D:4      | Killed Edmund
  2023 | D:4      | Reached XP level 6. HP: 35/38 MP: 6/6
  2049 | D:4      | Killed Eustachio
  2049 | D:4      | Reached skill level 5 in Shields
  2077 | D:4      | Noticed Crazy Yiuf
  2081 | D:4      | Killed Crazy Yiuf
  2109 | D:4      | Found Riddoloaq's Weapon Emporium.
  2250 | D:4      | Found a staircase to the Ecumenical Temple.
  2256 | Temple   | Entered the Ecumenical Temple
  2483 | D:4      | Reached XP level 7. HP: 34/44 MP: 7/7
  2875 | D:5      | Entered Level 5 of the Dungeon
  3459 | D:5      | Reached skill level 6 in Shields
  3597 | D:5      | Reached XP level 8. HP: 43/48 MP: 8/8
  3706 | D:5      | Noticed Dowan
  3709 | D:5      | Noticed Duvessa
  3719 | D:5      | Killed Duvessa
  3719 | D:5      | Reached skill level 5 in Fighting
  3724 | D:5      | Killed Dowan
  3950 | D:5      | Reached skill level 5 in Armour
  4286 | D:6      | Found a glowing golden altar of the Shining One.
  4496 | D:6      | Reached skill level 5 in Maces & Flails
  4575 | D:6      | Reached skill level 7 in Shields
  5075 | D:6      | Found Zajas's Book Shoppe.
  5226 | D:6      | Reached XP level 9. HP: 55/55 MP: 9/9
  5509 | D:7      | Noticed Prince Ribbit
  5549 | D:7      | Killed Prince Ribbit
  5692 | D:7      | Noticed grisgris's ghost (novice DECj)
  5714 | D:7      | Killed grisgris's ghost
  6429 | D:7      | Reached skill level 8 in Shields
  6673 | D:8      | Reached skill level 5 in Dodging
  6727 | D:8      | Reached XP level 10. HP: 60/61 MP: 10/10
  8360 | D:9      | Noticed Erica
  8471 | D:9      | Reached skill level 9 in Shields
  8609 | D:4      | Bought a +0 demon whip of draining for 406 gold pieces
  8707 | D:9      | Found a shattered altar of Ashenzari.
  8866 | D:9      | Found a burning altar of Makhleb.
  8882 | D:9      | Killed Erica
  8889 | D:9      | Found a glowing silver altar of Zin.
  8889 | D:9      | Found a radiant altar of Vehumet.
  8894 | D:9      | Found an iron altar of Okawaru.
  9122 | D:9      | Found an oddly glowing altar of Pakellas.
  9247 | D:10     | Entered Level 10 of the Dungeon
  9292 | D:10     | Noticed Thomus's ghost (novice HOGl)
  9320 | D:10     | Killed Thomus's ghost
  9374 | D:10     | You fall through a shaft!
  9374 | D:11     | Noticed Gastronok
  9461 | D:11     | Reached XP level 11. HP: 12/68 MP: 11/11
  9875 | D:11     | Killed Gastronok
  9936 | D:11     | Noticed a hill giant
  9936 | D:11     | Noticed a hill giant
  9951 | D:11     | Killed a hill giant
  9958 | D:11     | Killed a hill giant
 10214 | D:11     | Noticed a skeletal warrior
 10214 | D:11     | Noticed a skeletal warrior
 10214 | D:11     | Noticed a skeletal warrior
 10216 | D:11     | Noticed a skeletal warrior
 10233 | D:11     | Noticed a sun demon
 10265 | D:10     | Killed a skeletal warrior
 10276 | D:10     | Noticed a hill giant
 10287 | D:10     | Killed a hill giant
 10292 | D:10     | Noticed a centaur warrior
 10310 | D:10     | Killed a centaur warrior
 10572 | D:10     | Noticed Psyche
 10575 | D:10     | Cast into level 1 of the Abyss (Psyche)
 10598 | Abyss:1  | Found a sacrificial altar of Ru.
 10683 | Abyss:1  | Noticed a thrashing horror
 10709 | Abyss:1  | Killed a thrashing horror
 10709 | Abyss:1  | Reached skill level 10 in Shields
 10726 | Abyss:1  | Noticed a salamander stormcaller
 10746 | Abyss:1  | Annihilated by a salamander stormcaller

Skill      XL: |  1  2  3  4  5  6  7  8  9 10 11 |
---------------+----------------------------------+-----
Shields        | 4 5 6 7 8 9 10 | 10.0
Dodging        | 1 2 3 4 5 6 |  6.6
Fighting       | 4 5 6 8 9 |  9.5
Maces & Flails | 3 4 5 6 8 9 |  9.7
Armour         | 4 5 6 7 8 |  8.7
Stealth        | |  0.5
Evocations     | |  0.3

Action                   |  1- 3 |  4- 6 |  7- 9 | 10-12 || total
-------------------------+-------+-------+-------+-------++-------
Melee: Flail             |   116 |   140 |   539 |   206 ||  1001
       Demon whip        |       |       |       |   314 ||   314
       Whip              |       |       |       |    80 ||    80
Evoke: Wand              |       |       |       |     6 ||     6
  Use: Scroll            |     3 |     8 |    12 |    10 ||    33
       Potion            |       |     2 |    10 |     4 ||    16
 Stab: Distracted        |       |       |       |     1 ||     1
  Eat: Chunk             |     1 |     4 |    12 |    14 ||    31
       Meat ration       |       |     1 |       |     2 ||     3
       Fruit             |       |       |       |     1 ||     1
Armor: Scale mail        |    56 |   134 |   218 |   228 ||   636
Dodge: Dodged            |    56 |    74 |   153 |   152 ||   435
Block: Shield            |    58 |   113 |   263 |   240 ||   674
